 Dungeon Crawl Stone Soup version 0.29-a0-757-g358383bc75 (webtiles) character file.

Game seed: 16334126849866783376

607303 buhh the Warrior (level 27, -9/261 HPs)
             Began as an Octopode Transmuter on June 30, 2022.
             Was the Champion of Cheibriados.
             Mangled by an Orb Guardian (51 damage)
             ... on level 5 of the Realm of Zot.
             The game lasted 03:02:50 (79913 turns).

buhh the Warrior (Octopode Transmuter)             Turns: 79913, Time: 03:02:50

Health: -9/261     AC: 33    Str: 32    XL:     27
Magic:  32/32      EV: 41    Int: 54    God:    Cheibriados [******]
Gold:   1877       SH: 20    Dex: 29    Spells: 4/36 levels left

rFire   + + .      SeeInvis +     - Unarmed
rCold   . . .      Faith    .   E - +5 kite shield {reflect}
rNeg    + . .      Spirit   .   k - +1 hat of Oquosm {Str+3 Stlth+}
rPois   ∞          Reflect  +   C - amulet of Murarudi {RegenMP rPois Str+2 Int+4}
rElec   +          Harm     .   b - ring of Satouwom {Dex+4 Slay+4 SInv}
rCorr   .          Rampage  .   i - ring of Jeduisal {rPois Int+2 Slay+4}
Will    ++++.      Rage     3%  j - ring "Beywen" {Fire Will+ Str+2 Slay+2}
Stlth   +++.......              e - ring of the Hare {EV+8}
HPRegen 0.53/turn               c - +6 ring of slaying
MPRegen 0.63/turn               r - ring of protection from cold
                                w - ring "Loczaham" {Fly Int+6 Slay+6}
                                o - ring "Qenask" {rElec rPois rF+ Will+}

@: about to teleport, statue-form, marked, flying, contaminated, glowing, unable
to read, very slow
A: slow and powerful, torment resistance 1, boosted hp, almost no armour,
amphibious, 8 rings, camouflage 1, (gelatinous body 1), (nimble swimmer 1),
tentacles, berserk 1, clumsy 2, inability to read while threatened 1
}: 3/15 runes: serpentine, barnacled, silver
a: End Transformation, Renounce Religion, Bend Time, Temporal Distortion,
Slouch, Step From Time


You were on level 5 of the Realm of Zot.
You worshipped Cheibriados.
Cheibriados was exalted by your worship.
You were a living statue of rough stone.
You visited 10 branches of the dungeon, and saw 49 of its levels.
You also visited: Trove, Bailey, Gauntlet, Ice Cave and Desolation.

You collected 9232 gold pieces.
You spent 7355 gold pieces at shops.

Inventory:

Missiles
 Z - a throwing net {!f}
Armour
 k - the +1 hat of Oquosm (worn) {Str+3 Stlth+}
   (You acquired it on level 3 of the Depths)

   Str:       It affects your strength (+3).
   Stlth:     It makes you more stealthy.
 E - a +5 kite shield of reflection (worn)
Jewellery
 b - the ring of Satouwom (left tentacle) {Dex+4 Slay+4 SInv}
   (You bought it in a shop on level 4 of the Snake Pit)

   [ring of slaying]

   Dex:       It affects your dexterity (+4).
   Slay:      It affects your accuracy & damage with ranged weapons and melee
   (+4).
   SInv:      It lets you see invisible.
 c - a +6 ring of slaying (on tentacle)
 e - the ring of the Hare (on tentacle) {EV+8}
   (You took it off a deep elf master archer on level 3 of the Elven Halls)

   [ring of evasion]

   EV:        It affects your evasion (+8).
 i - the ring of Jeduisal (right tentacle) {rPois Int+2 Slay+4}
   (You acquired it on level 5 of the Vaults)

   [ring of slaying]

   Int:       It affects your intelligence (+2).
   Slay:      It affects your accuracy & damage with ranged weapons and melee
   (+4).
   rPois:     It protects you from poison.
 j - the ring "Beywen" (on tentacle) {Fire Will+ Str+2 Slay+2}
   (You took it off a deep elf demonologist on level 3 of the Elven Halls)

   [ring of fire]

   It enhances your fire magic.
   Str:       It affects your strength (+2).
   Slay:      It affects your accuracy & damage with ranged weapons and melee
   (+2).
   rF:        It protects you from fire.
   rC:        It makes you vulnerable to cold.
   Will:      It increases your willpower.
 n - a ring of magical power
 o - the ring "Qenask" (on tentacle) {rElec rPois rF+ Will+}
   (You found it in the Desolation of Salt)

   [ring of poison resistance]

   rF:        It protects you from fire.
   rElec:     It insulates you from electricity.
   rPois:     It protects you from poison.
   Will:      It increases your willpower.
 r - a ring of protection from cold (on tentacle)
 w - the ring "Loczaham" (on tentacle) {Fly Int+6 Slay+6}
   (You found it in the Desolation of Salt)

   [ring of flight]

   Int:       It affects your intelligence (+6).
   Slay:      It affects your accuracy & damage with ranged weapons and melee
   (+6).
   Fly:       It grants you flight.
 x - a ring of poison resistance
 A - the ring of Koewniku {rPois rC+ Dex+6}
   (You took it off an ironbound convoker on level 5 of the Vaults)

   [ring of protection from cold]

   Dex:       It affects your dexterity (+6).
   rC:        It protects you from cold.
   rPois:     It protects you from poison.
 C - the amulet of Murarudi (around mantle) {RegenMP rPois Str+2 Int+4}
   (You took it off a deep elf blademaster on level 3 of the Elven Halls)

   [amulet of magic regeneration]

   It increases your rate of magic regeneration.
   Str:       It affects your strength (+2).
   Int:       It affects your intelligence (+4).
   rPois:     It protects you from poison.
Wands
 g - a wand of flame (125)
 s - a wand of mindburst (30)
 v - a wand of digging (10)
 D - a wand of acid (15)
 G - a wand of paralysis (34)
 I - a wand of iceblast (29)
 S - a wand of polymorph (21)
Scrolls
 a - 10 scrolls of fear {!r}
 t - 21 scrolls of teleportation {!d}
 y - 5 scrolls of poison
 z - 5 scrolls of brand weapon
 F - 7 scrolls of enchant weapon
 J - a scroll of summoning
 P - 7 scrolls of magic mapping {!r!d}
 Q - 11 scrolls of fog
 T - 4 scrolls of immolation {!d}
 X - 6 scrolls of amnesia
Potions
 f - 6 potions of might
 h - 3 potions of berserk rage {!q}
 l - 2 potions of lignification {!d}
 B - 7 potions of ambrosia {!q!d}
 H - 2 potions of invisibility {!q!d}
 K - 13 potions of brilliance {!q!d}
 L - 8 potions of resistance {!q!d}
 M - 3 potions of heal wounds {!q!d}
 N - 10 potions of curing {!q!d}
 U - 6 potions of mutation {!d}
 V - 3 potions of cancellation {!q!d}
Miscellaneous
 m - a condenser vane
 q - a phantom mirror
 u - a phial of floods
 W - a box of beasts


   Skills:
 - Level 20.0 Fighting
 - Level 20.0 Dodging
 - Level 5.0 Stealth
 - Level 11.0 Shields
 - Level 15.2 Unarmed Combat
 - Level 5.0 Spellcasting
 * Level 18.1 Hexes
 - Level 13.0 Translocations
 - Level 18.0 Transmutations
 - Level 8.0 Ice Magic
 - Level 18.0 Air Magic
 - Level 10.0 Earth Magic
 - Level 3.0 Poison Magic
 - Level 12.0 Invocations


You had 4 spell levels left.
You knew the following spells:

 Your Spells              Type           Power      Damage    Failure   Level
a - Enfeeble              Hex            59%        N/A       1%          7
b - Wereblood             Tmut           100%       N/A       0%          2
c - Statue Form           Tmut/Erth      70%        N/A       1%          6
d - Storm Form            Tmut/Air       59%        N/A       1%          7
f - Manifold Assault      Tloc           100%       N/A       1%          5
g - Irradiate             Conj/Tmut      42%        3d27      1%          5

Your spell library contained the following spells:

 Spells                   Type           Power      Damage    Failure   Level
 Apportation              Tloc           100%       N/A       0%          1
 Beastly Appendage        Tmut           100%       N/A       0%          1
 Passwall                 Tmut/Erth      87%        N/A       0%          2
 Confusing Touch          Hex            100%       N/A       0%          3
 Portal Projectile        Hex/Tloc       100%       N/A       0%          3
 Swiftness                Air            100%       N/A       0%          3
 Tukima's Dance           Hex            100%       N/A       0%          3
 Airstrike                Air            59%        N/A       0%          4
 Cause Fear               Hex            59%        N/A       0%          4
 Freeze                   Ice            100%       1d11      1%          1
 Sandblast                Erth           100%       2d20      1%          1
 Shock                    Conj/Air       100%       1d9       1%          1
 Sting                    Tmut/Pois      100%       1d8       1%          1
 Blink                    Tloc           100%       N/A       1%          2
 Ensorcelled Hibernation  Hex/Ice        100%       N/A       1%          2
 Poisonous Vapours        Pois/Air       100%       N/A       1%          2
 Dazzling Flash           Conj/Hex       100%       N/A       1%          3
 Frozen Ramparts          Ice            100%       1d12      1%          3
 Gell's Gravitas          Tloc           100%       N/A       1%          3
 Inner Flame              Hex/Fire       100%       N/A       1%          3
 Ozocubu's Armour         Ice            79%        N/A       1%          3
 Spider Form              Tmut/Pois      91%        N/A       1%          3
 Stone Arrow              Conj/Erth      100%       3d13      1%          3
 Summon Guardian Golem    Hex/Summ       84%        N/A       1%          3
 Anguish                  Hex/Necr       42%        N/A       1%          4
 Corpse Rot               Necr/Pois/Air  73%        N/A       1%          4
 Fulminant Prism          Conj/Hex       42%        3d20      1%          4
 Ice Form                 Ice/Tmut       100%       N/A       1%          4
 Petrify                  Tmut/Erth      100%       N/A       1%          4
 Foxfire                  Conj/Fire      80%        2x1d8     2%          1
 Magic Dart               Conj           52%        1d5       2%          1
 Necrotize                Necr           52%        1d6       2%          1
 Summon Small Mammal      Summ           52%        N/A       2%          1
 Scorch                   Fire           40%        2d7       3%          2
 Searing Ray              Conj           26%        2d5       3%          2
 Sublimation of Blood     Necr           13%        N/A       3%          2
 Hailstorm                Conj/Ice       54%        3d12      4%          4
 Summon Ice Beast         Ice/Summ       54%        N/A       4%          4
 Conjure Flame            Conj/Fire      20%        6-21      7%          3
 Vampiric Draining        Necr           13%        2d6       7%          3
 Olgreb's Toxic Radiance  Pois           45%        N/A       7%          4
 Dispel Undead            Necr           13%        3d9       24%         4
 Flame Wave               Conj/Fire      20%        2d7       24%         4
 Blade Hands              Tmut           59%        N/A       1%          5
 Metabolic Englaciation   Hex/Ice        50%        N/A       1%          5
 Silence                  Hex/Air        59%        N/A       1%          5
 Summon Mana Viper        Hex/Summ       84%        N/A       1%          5
 Yara's Violent Unravell  Hex/Tmut       59%        3d22      1%          5
 Dragon Form              Tmut           59%        N/A       1%          7
 Summon Forest            Summ/Tloc      35%        N/A       4%          5
 Conjure Ball Lightning   Conj/Air       42%        3x3d15    9%          6
 Discord                  Hex            59%        N/A       10%         8
 Agony                    Necr           13%        N/A       54%         5
 Simulacrum               Ice/Necr       27%        N/A       56%         6
 Disjunction              Tloc           50%        N/A       58%         8
 Malign Gateway           Summ/Tloc      35%        N/A       80%         7
 Death Channel            Necr           6%         N/A       98%         6
 Summon Cactus Giant      Summ           6%         N/A       98%         6
 Haunt                    Necr/Summ      6%         N/A       100%        7
 Summon Horrible Things   Summ           6%         N/A       100%        8
 Chain Lightning          Conj/Air       42%        3d56      100%        9
 Dragon's Call            Summ           6%         N/A       100%        9
 Fire Storm               Conj/Fire      10%        8d3       100%        9
 Shatter                  Erth           44%        3d34*     100%        9


Dungeon Overview and Level Annotations

Branches:
Dungeon (15/15) Zot: 35590  Temple (1/1) D:6 Zot: 8818    Lair (6/6) D:11 Zot: 35624
 Shoals (4/4) Lair:4 Zot: 29438   Snake (4/4) Lair:2 Zot: 24598   Slime (0/5) Lair:5
    Orc (2/2) D:12 Zot: 14183     Elf (3/3) Orc:2 Zot: 19614  Vaults (5/5) D:14 Zot: 26045
  Crypt (0/3) Vaults:2     Depths (4/4) D:15 Zot: 25058     Zot (5/5) Depths:4 Zot: 31583
 Bailey (visited)           IceCv (visited)         Desolation (visited)
Gauntlet (visited)

Altars:
Ashenzari
Cheibriados
Dithmenos
Elyvilon
Fedhas
Gozag
Hepliaklqana
Kikubaaqudgha
Makhleb
Nemelex Xobeh
Okawaru
Qazlal
Ru
Sif Muna
Trog
Uskayaw
Vehumet
Wu Jian
Xom
Yredelemnul
Zin
The Shining One
Beogh
Jiyva
Lugonu

Shops:
D:1 =   D:8 *   D:12 ([   Orc:2 ?[?[(   Shoals:1 *   Shoals:2 :   Snake:1 **
Snake:2 :=:   Snake:3 ?((*   Snake:4 =(   Vaults:1 *   Vaults:4 (:   Vaults:5 [

Portals:
Hell: Depths:1 Depths:2 Depths:3 Depths:4
Abyss: Depths:1 Depths:3
Pandemonium: Depths:2
Ziggurat: Depths:1

Annotations:
D:5 2 transporters, exclusion: centaur
D:8 1 runed translucent door, avis's ghost, novice DgIE
D:11 1 runed translucent door, exclusion: door
Lair:2 1 runed translucent door, Pegaph's ghost, journeyman PaAM
Shoals:1 exclusion: 2 centaur warriors
Elf:1 2 transporters, EyeSee2020's ghost, journeyman HOFi
Vaults:2 2 transporters, dolemite99's ghost, adept GnHu
Depths:1 Sojobo
Depths:4 4 transporters, 1 runed translucent door, Foimof's ghost, adept FeVM
Zot:5 3 transporters, wingedge's ghost, veteran MfIE


Innate Abilities, Weirdness & Mutations

You are a living statue of rough stone.
Your actions are slow, but your melee attacks are powerful.
You are resistant to unholy torment.
Your maximum health is greatly increased.
You are immune to poison.
You cannot wear most types of armour.
You are amphibious.
You can wear up to eight rings at the same time.
Your skin changes colour to match your surroundings (Stealth+).
((Your rubbery body absorbs attacks. (AC +1, EV +1)))
((You are camouflaged when in or above water. (Stealth+)))
You have tentacles for arms and can constrict up to eight enemies at once.
You sometimes lose your temper in combat.
You are very clumsy. (Dex -4)
You occasionally lose the ability to read scrolls when taking damage.


Message History

The Orb Guardian is almost dead.
The Orb Guardian completely misses you. x3
You block the Orb Guardian's attack. x2
You thrash the Orb Guardian!!!!
You kill the Orb Guardian!
Cheibriados thoroughly appreciates the change of pace.
The Orb Guardian completely misses you. The Orb Guardian hits you!!
The moth of wrath goads the Orb Guardian on!
The Orb Guardian goes berserk!
The Orb Guardian completely misses you. The Orb Guardian hits you!
You batter the Orb Guardian!! You tentacle-slap the Orb Guardian!!!
You squeeze the Orb Guardian!!
The Orb Guardian is severely wounded.
You block the Orb Guardian's attack. x2; The Orb Guardian hits you!
The moth of wrath goads the Orb Guardian on!
The Orb Guardian goes berserk!
You block the Orb Guardian's attack. The Orb Guardian completely misses you.
The Orb Guardian hits you! x2
The moth of wrath goads the Orb Guardian on!
The Orb Guardian goes berserk!
Your body shudders with the violent release of wild energies!
The magical storm engulfs you but does no damage.
You partially resist.
The magical storm engulfs the Orb Guardian.
The magical storm engulfs the Orb Guardian!
The magical storm engulfs the Orb Guardian.
The magical storm engulfs the Orb Guardian!
You occasionally lose the ability to read scrolls when threatened.
Really quaff
M - 4 potions of heal wounds {!q!d}?
You feel much better. The Orb Guardian barely misses you.
The Orb Guardian hits you! The Orb Guardian completely misses you.
The Orb Guardian hits you!!!
You feel threatened and lose the ability to read scrolls!
* * * LOW HITPOINT WARNING * * *
You block the Orb Guardian's attack. The Orb Guardian completely misses you.
The Orb Guardian hits you!!
* * * LOW HITPOINT WARNING * * *
The moth of wrath goads the Orb Guardian on!
The Orb Guardian goes berserk!
The Orb Guardian completely misses you. You block the Orb Guardian's attack.
The Orb Guardian hits you!!!
You die...

▓........................▓*▓....,
▓▓.......................▓▓...^.,
▓▓......................▓......,
▓▓....).............^..^.....0,
▓▓...^..................▓...,,,,
▓▓...^..............(....▓*^,,,,,
▓.................y.|....▓**,,,,,
▓...............XX.......# ******
▓▓..............8X......##
▓▓....^..^......X....▓##
▓▓.......^.......▓▓▓▓
▓▓.....##▓▓▓▓▓▓▓▓▓▓▓#
##................)).###
##..^.............##..).##
##.^......^.........###...#######
#...^.......^........###.........
#..........|^........# ##........


You could see 4 Orb Guardians and a moth of wrath.

Vanquished Creatures
  4 dread liches
  5 orbs of fire
  An ancient lich (Vaults:5)
  Mara (Shoals:3)
  Josephina (Depths:4)
  Bai Suzhen (Elf:3)
  2 Killer Klowns (Zot:5)
  Boris (Depths:4)
  Margery (Vaults:3)
  Vashnia (Snake:4)
  4 curse toes
  9 golden dragons
  2 bone dragons
  3 electric golems
  A hellephant (Depths:1)
  16 tentacled monstrosities
  21 Orb Guardians (Zot:5)
  2 walking earthen tomes (Depths:3)
  Zenata (Vaults:2)
  6 liches
  5 titans
  A walking crystal tome (Depths:3)
  A walking frostbound tome (Depths:3)
  3 deep elf master archers (Elf:3)
  6 deep elf blademasters
  5 quicksilver dragons
  Polyphemus (Shoals:4)
  5 krakens
  7 sphinxes
  9 death cobs
  Kirke (D:14)
  4 tengu reavers
  13 shadow dragons
  Donald (Vaults:2)
  A draconian monk (Zot:1)
  Ilsuiw (Shoals:2)
  21 storm dragons
  4 nagarajas (Snake:4)
  7 fire giants
  14 deep elf sorcerers
  5 draconian knights
  7 draconian scorchers
  12 vault wardens
  3 iron dragons
  9 frost giants
  Aizul (Elf:3)
  A balrug (Depths:2)
  5 imperial myrmidons (Desolation)
  A ghost moth (Zot:2)
  4 deep elf elementalists
  An orc warlord (Bailey)
  4 draconian shifters
  Louise (D:14)
  18 ironbound preservers
  9 draconian stormcallers
  4 war gargoyles
  5 draconian annihilators
  2 spriggan defenders
  21 stone giants
  9 ironbound thunderhulks
  A broodmother (shapeshifter) (Vaults:4)
  13 green draconians
  8 deep elf annihilators
  Nessos (D:15)
  6 vampire knights
  13 black draconians
  10 very ugly things
  9 dire elephants
  7 deep elf demonologists
  3 putrid mouths (Depths:1)
  11 purple draconians
  A halazid warlock (Desolation)
  A minotaur (Gauntlet)
  13 yellow draconians
  13 white draconians
  Azrael (D:14)
  3 entropy weavers
  9 red draconians
  9 spark wasps
  14 ettins
  3 deep elf death magi
  3 crystal guardians
  9 fire dragons
  4 merfolk javelineers
  6 deep elf high priests
  15 merfolk impalers
  9 great orbs of eyes
  9 ragged hierophants (Desolation)
  11 yaktaur captains
  A boulder beetle (D:13)
  12 peacekeepers
  5 servants of whispers (Desolation)
  41 vault guards
  14 ice dragons
  An ice dragon (shapeshifter) (Depths:2)
  5 ironbound frosthearts
  A boulder beetle (shapeshifter) (Zot:2)
  3 catoblepae
  A juggernaut simulacrum (Depths:2)
  2 anacondas (Snake:4)
  8 hydras
  2 salamander tyrants
  3 ogre magi
  10 centaur warriors
  5 merfolk aquamancers
  Erica (Lair:2)
  21 dancing weapons
  5 two-headed ogres
  12 naga warriors
  4 spriggan air magi
  An alligator snapping turtle (Shoals:3)
  6 deep troll shamans
  8 tengu warriors
  3 death yaks (Shoals:4)
  4 satyrs
  3 deep troll earth magi (Depths:4)
  A vampire mage (Depths:3)
  8 naga sharpshooters
  4 spriggan berserkers
  10 hell knights
  7 orc high priests
  19 deep elf knights
  11 shock serpents
  Urug (D:11)
  4 sun demons
  2 shadow wraiths
  11 iron trolls
  5 salamander mystics
  3 skeletal warriors
  45 deep trolls
  A deep troll (shapeshifter) (Depths:4)
  11 sea snakes
  3 flayed ghosts
  3 glowing orange brains
  A spark wasp zombie (Depths:2)
  A swamp dragon (Lair:6)
  11 deep elf archers
  A quicksilver dragon simulacrum (Depths:4)
  6 naga ritualists
  6 wizards
  A spriggan simulacrum (Depths:4)
  3 orange crystal statues
  6 phantasmal warriors
  34 deep elf pyromancers
  16 lindwurms
  2 tengu zombies
  Pikel (D:6)
  5 necromancers
  33 deep elf zephyrmancers
  17 harpies
  28 ironbound convokers
  11 orc knights
  3 oklob plants (Zot:4)
  6 mana vipers
  32 ugly things
  A frost giant zombie (D:15)
  9 orc sorcerers
  A tengu skeleton (Vaults:2)
  A stone giant zombie (D:15)
  6 cyclopes
  10 salamanders
  7 fauns
  A fire giant zombie (Depths:2)
  14 manticores
  9 merfolk sirens
  7 human skeletons (Vaults:2)
  Maurice (D:11)
  5 elephants (Lair:6)
  19 vault sentinels
  6 centaur zombies (D:10)
  2 ice statues (IceCv)
  25 moths of wrath
  37 black mambas
  A frost giant skeleton (Vaults:2)
  2 orange demons (D:12)
  13 water nymphs
  6 guardian serpents
  12 naga magi
  A black mamba (shapeshifter) (Vaults:2)
  A rust devil (Gauntlet)
  A torpor snail (shapeshifter) (Vaults:5)
  3 molten gargoyles (Desolation)
  A titan simulacrum (Depths:4)
  A fire giant skeleton (Vaults:2)
  19 cane toads
  3 unseen horrors
  2 freezing wraiths
  37 yaktaurs
  2 yaktaur skeletons (Vaults:2)
  A hellion (Zot:2)
  An elf skeleton (Vaults:2)
  13 komodo dragons
  3 unseen horror zombies (D:10)
  2 ice devils (D:11)
  A guardian mummy (D:15)
  8 tengu conjurers
  5 rime drakes
  A burning bush (Lair:1)
  14 trolls
  4 hornets
  39 merfolk
  A polar bear (Lair:5)
  Grinder (D:6)
  A tengu simulacrum (Depths:4)
  47 saltlings (Desolation)
  Prince Ribbit (D:6)
  10 blink frogs
  4 wind drakes
  12 snapping turtles
  23 dream sheep
  A dream sheep (shapeshifter) (Vaults:5)
  27 slime creatures
  A wraith (D:12)
  2 air elementals
  2 spriggans
  31 yaks
  2 shadows
  A ynoxinul (Gauntlet)
  6 basilisks
  13 water elementals
  An ettin skeleton (Vaults:2)
  2 hogs (D:14)
  A fire elemental (D:14)
  A hog (shapeshifter) (D:15)
  4 wyverns
  4 vampire mosquitoes (D:11)
  3 redbacks
  7 steam dragons
  Menkaure (D:4)
  45 nagas
  A warg (Orc:2)
  A glowing shapeshifter zombie (D:15)
  16 water moccasins
  A glowing shapeshifter skeleton (Vaults:2)
  An acid dragon (Lair:6)
  An ogre skeleton (Vaults:2)
  7 hell hounds (D:14)
  50 orc warriors
  A swamp drake (Lair:6)
  3 black bears (D:11)
  4 sky beasts
  2 ice beasts
  4 ogres
  An ice beast (shapeshifter) (Vaults:5)
  9 wolves
  8 boggarts
  13 centaurs
  3 lemures (D:6)
  A kobold brigand (D:6)
  11 bullfrogs
  8 scorpions
  A human simulacrum (Depths:2)
  2 cane toad simulacra (IceCv)
  4 earth elementals
  3 wights (D:7)
  15 killer bees
  An electric eel (Lair:5)
  5 howler monkeys
  A jelly (D:6)
  A gnoll shaman (Lair:4)
  32 orc priests
  2 hounds
  4 iron imps (Gauntlet)
  23 orc wizards
  8 iguanas
  5 lightning spires (Zot:4)
  2 polar bear simulacra (IceCv)
  A wolf simulacrum (IceCv)
  A howler monkey zombie (D:10)
  12 gnolls
  8 adders
  A shadow imp (D:8)
  2 ufetubi
  2 worms (D:4)
  2 dart slugs
  79 orcs
  10 endoplasms
  3 giant cockroaches
  17 goblins
  14 hobgoblins
  14 jackals
  3 quokkas
  5 ball pythons
  4 bats
  7 frilled lizards
  13 kobolds
  2 rats
  A bush (Shoals:2)
  21 tentacles
2175 creatures vanquished.

Vanquished Creatures (collateral kills)
  An orc (Bailey)
  A goblin (Bailey)
  A hobgoblin (Bailey)
3 creatures vanquished.

Vanquished Creatures (others)
  A deep elf knight (Elf:3)
  A shadow wraith (Vaults:5)
  A phantasmal warrior (Vaults:5)
  A deep elf pyromancer (Elf:1)
  2 deep elf zephyrmancers (Elf:1)
  A naga mage (Snake:4)
  A molten gargoyle (Desolation)
  A golden dragon simulacrum (Depths:4)
  3 orcs
  4 demonic plants (Gauntlet)
  63 fungi
  172 plants
  12 tentacles
  9 withered plants (D:15)
272 creatures vanquished.

Grand Total: 2450 creatures vanquished

Notes
Turn   | Place    | Note
-------+----------+-------------------------------------------
     0 | D:1      | buhh the Octopode Transmuter began the quest for the Orb.
     0 | D:1      | Reached XP level 1. HP: 13/13 MP: 3/3
   739 | D:1      | Reached XP level 2. HP: 14/18 MP: 3/5
  1229 | D:1      | Found Wuusiuha's One-of-a-Kind Rings.
  1254 | D:1      | Bought a +1 ring of evasion for 42 gold pieces
  1358 | D:1      | Found a faded altar of an unknown god.
  1766 | D:2      | Reached XP level 3. HP: 25/25 MP: 4/6
  2439 | D:2      | Reached XP level 4. HP: 27/31 MP: 7/7
  2879 | D:3      | Reached XP level 5. HP: 21/37 MP: 8/8
  3118 | D:3      | Learned a level 2 spell: Wereblood
  3122 | D:3      | Learned a level 3 spell: Spider Form
  4378 | D:4      | Reached XP level 6. HP: 40/45 MP: 9/9
  4856 | D:4      | Found a shadowy altar of Dithmenos.
  5174 | D:4      | Noticed Menkaure
  5238 | D:5      | Entered Level 5 of the Dungeon
  5471 | D:5      | Reached XP level 7. HP: 44/50 MP: 10/10
  5506 | D:5      | Found a glowing silver altar of Zin.
  5549 | D:5      | Noticed a yak
  5564 | D:5      | Found a transporter.
  5564 | D:5      | Noticed a wyvern
  5565 | D:5      | Noticed a wyvern
  5568 | D:5      | Found a transporter.
  7158 | D:6      | Reached XP level 8. HP: 31/55 MP: 11/11
  7453 | D:6      | Noticed Prince Ribbit
  7470 | D:6      | Noticed Pikel
  7532 | D:7      | You fall into a shaft and drop 1 floor!
  8907 | D:6      | Found a staircase to the Ecumenical Temple.
  8914 | Temple   | Entered the Ecumenical Temple
  9018 | Temple   | Became a worshipper of Cheibriados the Contemplative
  9095 | D:6      | Noticed Grinder
  9186 | D:6      | Killed Pikel
  9187 | D:6      | Reached XP level 9. HP: 50/61 MP: 12/12
  9194 | D:6      | Paralysed by Grinder for 4 turns
  9200 | D:6      | Killed Grinder
  9633 | D:6      | Killed Prince Ribbit
  9666 | D:6      | Learned a level 4 spell: Ice Form
 10103 | D:8      | Found a runed translucent door.
 10105 | D:8      | Found a shimmering altar of Xom.
 10105 | D:8      | Noticed avis's ghost (novice DgIE)
 10105 | D:8      | Noticed a +1 short sword of chaos
 10188 | D:8      | Found Zyugymeo's Assorted Antiques.
 10215 | D:8      | Bought a scroll labelled WULUNE UNLISM for 33 gold pieces
 10215 | D:8      | Bought a scroll labelled HAORRA HAXI for 33 gold pieces
 10773 | D:8      | Reached * piety under Cheibriados
 10814 | D:8      | Noticed a two-headed ogre
 10825 | D:8      | Killed a two-headed ogre
 10826 | D:8      | Reached XP level 10. HP: 66/66 MP: 13/13
 10906 | D:8      | Found a stormy altar of Qazlal.
 11197 | D:9      | Found a flagged portal.
 11211 | Bailey   | Entered a bailey
 11288 | Bailey   | Reached ** piety under Cheibriados
 11626 | Bailey   | Reached *** piety under Cheibriados
 11688 | Bailey   | Noticed an orc warlord
 11714 | Bailey   | Killed an orc warlord
 12152 | Bailey   | Reached skill level 11 in Fighting
 12152 | Bailey   | Reached XP level 11. HP: 83/83 MP: 14/14
 12153 | Bailey   | Reached XP level 12. HP: 90/90 MP: 15/15
 12548 | D:9      | Identified the +1 helmet of Crawling {Slay+5}
 12724 | D:9      | Reached XP level 13. HP: 70/95 MP: 16/16
 13322 | D:10     | Entered Level 10 of the Dungeon
 13391 | D:10     | Reached **** piety under Cheibriados
 13664 | D:10     | Found a basalt altar of Yredelemnul.
 14765 | D:11     | Noticed a yaktaur captain
 14765 | D:11     | Noticed a yaktaur captain
 14792 | D:11     | Found a frozen archway.
 14802 | D:11     | Reached ***** piety under Cheibriados
 14814 | IceCv    | Entered an ice cave
 15057 | IceCv    | Found a transporter.
 15072 | IceCv    | Found a transporter.
 15999 | D:11     | Noticed Maurice
 16010 | D:11     | Killed Maurice
 16175 | D:11     | Noticed Urug
 16526 | D:11     | Noticed a storm dragon
 16527 | D:11     | Noticed a fire giant
 16546 | D:11     | Found a runed translucent door.
 16548 | D:11     | Noticed a sphinx
 16598 | D:11     | Found the +8 trident of the Octopus King {venom, rElec
                  | rPois}
 16729 | D:11     | Killed Urug
 16730 | D:11     | Found a staircase to the Lair.
 16745 | D:11     | Reached skill level 11 in Invocations
 17243 | Lair:1   | Entered Level 1 of the Lair of Beasts
 17450 | Lair:1   | Found a gate leading to a gauntlet.
 17460 | Gauntlet | Entered a Gauntlet
 17460 | Gauntlet | Found a transporter.
 17472 | Gauntlet | Found a transporter.
 17475 | Gauntlet | Found a transporter.
 17476 | Gauntlet | Found a transporter.
 17487 | Gauntlet | Found a transporter.
 17487 | Gauntlet | Found a transporter.
 17488 | Gauntlet | Found a transporter.
 17500 | Gauntlet | Found a transporter.
 17501 | Gauntlet | Found a transporter.
 17502 | Gauntlet | Noticed a great orb of eyes
 17505 | Gauntlet | Found a transporter.
 17505 | Gauntlet | Noticed a minotaur
 17509 | Gauntlet | Found a transporter.
 17513 | Gauntlet | Found a transporter.
 17514 | Gauntlet | Found a transporter.
 17522 | Gauntlet | Found a transporter.
 17725 | Gauntlet | Killed a great orb of eyes
 17782 | Gauntlet | Found the +12 pair of quick blades "Gyre" and "Gimble"
                  | {protect}
 17790 | Gauntlet | Killed a minotaur
 17791 | Gauntlet | Reached XP level 14. HP: 101/101 MP: 23/23
 17796 | Gauntlet | Identified the ring of Tigudghe {rPois rC- Str-3 Dex+6
                  | SInv}
 17796 | Gauntlet | Identified the +4 shortbow of the Usurping Coward {vorpal,
                  | Str-4 Int+8 SInv}
 17796 | Gauntlet | Identified the +9 short sword of Destiny {speed, rC+}
 17797 | Gauntlet | Got the Catalogue of Stones and Cold
 19010 | Lair:2   | Reached skill level 11 in Transmutations
 19162 | Lair:2   | Found a staircase to the Snake Pit.
 19166 | Lair:2   | Noticed Erica
 19180 | Lair:2   | Killed Erica
 19492 | Lair:2   | Found a runed translucent door.
 19955 | Lair:2   | Noticed Pegaph's ghost (journeyman PaAM)
 21893 | Lair:4   | Found a staircase to the Shoals.
 22993 | Lair:5   | Found a viscous altar of Jiyva.
 22993 | Lair:5   | Found a staircase to the Slime Pits.
 23024 | Lair:6   | Entered Level 6 of the Lair of Beasts
 23382 | Lair:6   | Reached XP level 15. HP: 107/107 MP: 24/24
 25863 | D:12     | Reached skill level 15 in Transmutations
 26363 | D:12     | Found Pufez's Weapon Boutique.
 26369 | D:12     | Found a staircase to the Orcish Mines.
 26371 | D:12     | Found Zeshrolo's Armour Boutique.
 26692 | Orc:1    | Entered Level 1 of the Orcish Mines
 27095 | Orc:2    | Entered Level 2 of the Orcish Mines
 27095 | Orc:2    | Found Sebux's Magic Scroll Emporium.
 27394 | Orc:2    | Reached ****** piety under Cheibriados
 27651 | Orc:2    | Bought a scroll of teleportation for 48 gold pieces
 27651 | Orc:2    | Bought a scroll of identify for 32 gold pieces
 28673 | Orc:2    | Found Kocwover's Armour Emporium.
 28673 | Orc:2    | Found Tocegoq's Magic Scroll Emporium.
 28674 | Orc:2    | Found Azenub's Antique Armour Shoppe.
 28674 | Orc:2    | Found Dohaj's Antique Weapon Emporium.
 28982 | D:1      | Bought the ring "Gilojota" {rF++ Will- AC+4} for 788 gold
                  | pieces
 28982 | D:1      | Bought the ring of Undoing {Fly rF+ Str+6} for 729 gold
                  | pieces
 28982 | D:1      | Bought a +8 ring of intelligence for 770 gold pieces
 29171 | D:4      | Killed Menkaure
 29952 | D:13     | Reached XP level 16. HP: 112/112 MP: 25/25
 30294 | D:13     | Learned a level 3 spell: Ozocubu's Armour
 30303 | D:13     | Learned a level 7 spell: Dragon Form
 30836 | D:14     | Noticed Azrael
 30852 | D:14     | Killed Azrael
 30989 | D:14     | Found an iron altar of Okawaru.
 31046 | D:14     | Noticed Kirke
 31055 | D:14     | Killed Kirke
 31242 | D:14     | Found a gate to the Vaults.
 31552 | D:14     | Noticed Louise
 31564 | D:14     | Killed Louise
 31649 | D:14     | Found a hazy altar of Hepliaklqana.
 31852 | D:15     | Entered Level 15 of the Dungeon
 31874 | D:15     | Noticed Nessos
 31879 | D:15     | Killed Nessos
 32340 | D:15     | Found a staircase to the Depths.
 33030 | Snake:1  | Entered Level 1 of the Snake Pit
 33805 | Snake:1  | Reached skill level 15 in Fighting
 34287 | Snake:1  | Reached skill level 11 in Unarmed Combat
 34368 | Snake:1  | Found Zonar's General Store.
 34368 | Snake:1  | Found Loshraelo's General Store.
 35258 | Snake:2  | Reached XP level 17. HP: 127/127 MP: 20/26
 35409 | Snake:2  | Found Xemoirphu's Book Emporium.
 35413 | Snake:2  | Found Neujyff's Jewellery Shop.
 35414 | Snake:2  | Found Guwups's Book Emporium.
 35775 | Snake:3  | Found Getzief's Magic Scroll Shop.
 36151 | Snake:3  | Found Qaosi Usudd's Antique Weapon Emporium.
 36344 | Snake:3  | Found Leor's Antique Weapon Shoppe.
 36623 | Snake:3  | Found Boakig's Assorted Antiques.
 36630 | Snake:3  | Bought a scroll of teleportation for 117 gold pieces
 37054 | Snake:4  | Entered Level 4 of the Snake Pit
 37102 | Snake:4  | Noticed Vashnia
 37117 | Snake:4  | HP: 7/190 [naga warrior/+0 battleaxe (37)]
 37122 | Snake:4  | HP: 6/190 [poisoned by a naga warrior (splash of poison)]
 38060 | Shoals:1 | Entered Level 1 of the Shoals
 38240 | Shoals:1 | Found Voub's General Store.
 39360 | Shoals:1 | Upgraded the game from 0.29-a0-732-g3d7fbe0af2 to
                  | 0.29-a0-757-g358383bc75
 39551 | Shoals:2 | Reached skill level 15 in Unarmed Combat
 40969 | Snake:4  | Reached skill level 11 in Dodging
 41141 | Snake:4  | Found Osow's Weapon Boutique.
 41158 | Snake:4  | Found Otsusoi's Jewellery Boutique.
 41166 | Snake:4  | Bought an amulet of reflection for 450 gold pieces
 41343 | Snake:4  | Killed Vashnia
 41795 | Snake:4  | Reached XP level 18. HP: 134/134 MP: 21/27
 42327 | Snake:4  | Got a serpentine rune of Zot
 42970 | Vaults:1 | Entered Level 1 of the Vaults
 43941 | Vaults:1 | Reached XP level 19. HP: 139/139 MP: 28/28
 44577 | Vaults:1 | Found Futuet's General Store.
 44595 | Vaults:1 | Reached skill level 15 in Dodging
 45550 | Vaults:2 | Reached skill level 18 in Transmutations
 45637 | Vaults:2 | Noticed Donald
 45647 | Vaults:2 | Killed Donald
 45655 | Vaults:2 | Noticed Zenata
 46124 | Vaults:2 | Identified the +3 ring mail of Hepic {Rampage}
 46199 | Vaults:2 | Identified the +1 plate armour of the Trombone {+Blink Fly}
 46233 | Vaults:2 | Reached XP level 20. HP: 110/148 MP: 10/29
 46514 | Vaults:3 | Noticed Margery
 46549 | Vaults:3 | Killed Margery
 46799 | Vaults:3 | Found a crumbling gateway.
 46812 | Desolati | Entered the Desolation of Salt
 46832 | Desolati | Identified the ring "Luangamp" {Fly Dex+5}
 46873 | Desolati | Got the Grimoire of Execration and Contamination
 46888 | Desolati | Got the Incunabulum of Orientation and Moulding
 46959 | Desolati | Reached skill level 18 in Fighting
 47304 | Desolati | Identified the ring of the Devil {Wiz rElec rPois rF- MP-9}
 47358 | Desolati | Identified the ring "Qenask" {rElec rPois rF+ Will+}
 47374 | Desolati | Learned a level 6 spell: Statue Form
 47908 | Desolati | Identified the ring "Loczaham" {Fly Int+6 Slay+6}
 47925 | Desolati | Got the Handbook of Captivating Sinister Rites
 49068 | Vaults:2 | Reached XP level 21. HP: 159/159 MP: 24/30
 49118 | Vaults:2 | Found a transporter.
 49118 | Vaults:2 | Found a transporter.
 49121 | Vaults:2 | Noticed dolemite99's ghost (adept GnHu)
 49138 | Vaults:2 | Found a bloodstained altar of Trog.
 49203 | Vaults:2 | Identified the ring "Xetaoxuo" {Contam rN+ EV+4 Int+6}
 49317 | Vaults:2 | Identified the +5 scale mail of Prudence {rF+}
 49339 | Vaults:2 | Found a staircase to the Crypt.
 49610 | Vaults:2 | Killed Zenata
 52218 | Vaults:4 | Found Qaegago's Antique Weapon Boutique.
 52296 | Vaults:4 | Found Fear's Book Emporium.
 52726 | Orc:2    | Found a staircase to the Elven Halls.
 53039 | Elf:1    | Entered Level 1 of the Elven Halls
 53202 | Elf:1    | Found a transporter.
 53209 | Elf:1    | Noticed EyeSee2020's ghost (journeyman HOFi)
 53300 | Elf:1    | Found a transporter.
 53354 | Elf:1    | Found a shimmering blue altar of Sif Muna.
 53371 | Elf:1    | Reached skill level 11 in Shields
 53607 | Elf:1    | Reached XP level 22. HP: 165/165 MP: 24/31
 53875 | Elf:1    | Got Takaisan's Grimoire of the Entourage
 54520 | Elf:2    | Found a huge runed translucent gate.
 54520 | Elf:2    | Found a huge runed translucent gate.
 54520 | Elf:2    | Found a huge runed translucent gate.
 54520 | Elf:2    | Found a huge runed translucent gate.
 54520 | Elf:2    | Found a huge runed translucent gate.
 54776 | Elf:3    | Entered Level 3 of the Elven Halls
 54978 | Elf:3    | Noticed Bai Suzhen
 54987 | Elf:3    | Killed Bai Suzhen
 55098 | Elf:3    | Reached skill level 11 in Air Magic
 55191 | Elf:3    | Identified the +9 plate armour of Distant Shores {Fly Str+4
                  | Dex+2}
 55356 | Elf:3    | Identified the +3 morningstar of Mesacuot {elec, rElec rC++
                  | Int+5}
 55356 | Elf:3    | Identified the ring "Beywen" {Fire Will+ Str+2 Slay+2}
 55556 | Elf:3    | Found the +3 pair of gauntlets of War {Slay+5}
 55602 | Elf:3    | Got the Volume of Dislocation
 55625 | Elf:3    | Identified the +1 robe "Hekuroes" {rElec Dex+5 Slay+3}
 55625 | Elf:3    | Identified the amulet of Murarudi {RegenMP rPois Str+2
                  | Int+4}
 56019 | Elf:3    | Noticed Aizul
 56030 | Elf:3    | Killed Aizul
 56090 | Elf:2    | Learned a level 7 spell: Storm Form
 57166 | Depths:1 | Entered Level 1 of the Depths
 57197 | Depths:1 | Reached XP level 23. HP: 171/171 MP: 32/32
 57362 | Depths:2 | Identified the +6 quarterstaff of Toothy Tender Mercy
                  | {flame, rElec rPois Int+2 Stlth+}
 57370 | Depths:2 | Reached skill level 15 in Air Magic
 57642 | Depths:2 | Found a one-way gate leading to the halls of Pandemonium.
 57888 | Depths:2 | Identified the amulet "Poufir" {Reflect Rampage SH+5}
 58311 | Depths:2 | Found a gateway to Hell.
 58528 | Depths:2 | Found the +7 great mace "Undeadhunter" {disrupt, rN+}
 58944 | Depths:1 | You are sucked into a shaft and drop 1 floor!
 59078 | Depths:1 | Identified the +8 shadow dragon scales "Fugot" {-Cast rN+
                  | Dex+4 Stlth++++}
 59109 | Depths:1 | Noticed Sojobo
 59765 | Depths:1 | Found a one-way gateway to a ziggurat.
 59765 | Depths:1 | Noticed a dread lich
 59772 | Depths:1 | Found a shadowy altar of Dithmenos.
 59934 | Depths:1 | Found a corrupted altar of Lugonu.
 59934 | Depths:1 | Found a one-way gate to the infinite horrors of the Abyss.
 60267 | Vaults:5 | Entered Level 5 of the Vaults
 60279 | Vaults:5 | Reached skill level 18 in Air Magic
 60842 | Vaults:5 | Reached XP level 24. HP: 123/179 MP: 12/32
 61748 | Snake:4  | Bought the ring of Satouwom {Dex+4 Slay+4 SInv} for 1464
                  | gold pieces
 62921 | Vaults:5 | Noticed an ancient lich
 62930 | Vaults:5 | Killed an ancient lich
 63288 | Vaults:5 | Identified the ring "Exzoerhi" {Fire rPois Stlth+}
 63511 | Vaults:5 | Identified the +3 battleaxe "Kah Geot" {elec, rElec Will++
                  | Str-2 Int+3 SInv}
 63526 | Vaults:5 | Identified the ring of Koewniku {rPois rC+ Dex+6}
 63534 | Vaults:5 | Identified a scroll of acquirement
 63672 | Vaults:5 | Acquired the ring of Jeduisal {rPois Int+2 Slay+4}
 63973 | Vaults:5 | Identified the ring of the Firefly {rPois EV+4 Int+8 Dex-3}
 63977 | Vaults:5 | Identified the ring "Byc Cuji" {rPois rF- rCorr Str+6
                  | Dex+3}
 64025 | Vaults:5 | Found Diebrev's Antique Armour Emporium.
 64138 | Vaults:5 | Got a silver rune of Zot
 65568 | Depths:3 | Acquired the +1 hat of Oquosm {Str+3 Stlth+}
 65587 | Depths:3 | Found a burning altar of Makhleb.
 65634 | Depths:3 | Reached skill level 18 in Dodging
 66002 | Depths:4 | Entered Level 4 of the Depths
 66023 | Depths:4 | Identified the ring of Relativism {Ice Slay+3 SInv}
 66023 | Depths:4 | Noticed Josephina
 66030 | Depths:4 | Killed Josephina
 66031 | Depths:4 | Reached XP level 25. HP: 142/189 MP: 32/32
 66807 | Depths:4 | Found a transporter.
 66837 | Depths:4 | Found a transporter.
 66874 | Depths:4 | Found a transporter.
 67018 | Depths:4 | Noticed Boris
 67025 | Depths:4 | Killed Boris
 67159 | Depths:4 | Found a gate to the Realm of Zot.
 67638 | Depths:4 | Found a transporter.
 67680 | Depths:4 | Found a runed translucent door.
 67685 | Depths:4 | Noticed Foimof's ghost (adept FeVM)
 68265 | Shoals:2 | Noticed Ilsuiw
 68288 | Shoals:2 | Killed Ilsuiw
 68640 | Shoals:2 | Found Pewiq Vyeja's Book Boutique.
 68659 | Shoals:2 | Bought an Inescapable Atlas for 476 gold pieces
 68697 | Shoals:2 | Identified the +1 animal skin of Pedoe {+Inv rN++ Regen+
                  | Int-5}
 68879 | Shoals:3 | Noticed Mara
 68884 | Shoals:3 | Noticed buhh's illusion
 68885 | Shoals:3 | Killed Mara
 69279 | Shoals:4 | Entered Level 4 of the Shoals
 69356 | Shoals:4 | Got a barnacled rune of Zot
 69436 | Shoals:4 | Noticed Polyphemus
 69441 | Shoals:4 | Killed Polyphemus
 69955 | Shoals:4 | Found a hide-covered altar of Uskayaw.
 70333 | Zot:1    | Entered Level 1 of the Realm of Zot
 70341 | Zot:1    | Reached XP level 26. HP: 196/196 MP: 30/32
 70442 | Zot:1    | Noticed an orb of fire
 70446 | Zot:1    | Gained mutation: You are clumsy. (Dex -2) [an orb of fire]
 70446 | Zot:1    | Gained mutation: Your muscles are strong. (Str +4, Int/Dex
                  | -1) [an orb of fire]
 70447 | Zot:1    | Killed an orb of fire
 70491 | Zot:1    | Reached skill level 11 in Translocations
 70754 | Zot:1    | Learned a level 5 spell: Manifold Assault
 71452 | Zot:2    | Noticed a dread lich
 71455 | Zot:2    | Killed a dread lich
 71474 | Zot:2    | Noticed a dread lich
 71478 | Zot:2    | Killed a dread lich
 71489 | Zot:2    | Paralysed by a Zot trap for 5 turns
 71845 | Zot:1    | Learned a level 5 spell: Irradiate
 72504 | D:1      | Bought a +6 ring of slaying for 2013 gold pieces
 72930 | Zot:2    | You are sucked into a shaft and drop 1 floor!
 73028 | Zot:3    | Reached XP level 27. HP: 201/201 MP: 32/32
 73230 | Zot:3    | Reached skill level 11 in Hexes
 73548 | Zot:3    | Identified the +3 great sword "Ystoq" {flame, rF+}
 75786 | Zot:5    | Entered Level 5 of the Realm of Zot
 75834 | Zot:5    | Noticed an orb of fire
 75841 | Zot:5    | Gained mutation: You are very clumsy. (Dex -4) [an orb of
                  | fire]
 75842 | Zot:5    | Killed an orb of fire
 75994 | Zot:5    | Found a transporter.
 76052 | Zot:5    | Found a transporter.
 76107 | Zot:5    | Found a transporter.
 76107 | Zot:5    | Noticed wingedge's ghost (veteran MfIE)
 76202 | Zot:5    | Found a transporter.
 76264 | Zot:5    | Learned a level 7 spell: Enfeeble
 76591 | Zot:2    | Reached skill level 15 in Hexes
 77042 | Depths:2 | Found a portal to a secret trove of treasure.
 77884 | Snake:1  | Bought 2 potions of haste for 360 gold pieces
 78423 | Depths:2 | You paid a toll of 8 potions of haste to enter a treasure
                  | trove
 78424 | Trove    | Entered a treasure trove
 78435 | Trove    | Identified the ring "Amedocu" {rN+ Will+ Str+4}
 78439 | Trove    | Identified the ring "Efupsu" {Fly Int+3 Stlth+}
 78455 | Trove    | Identified the +6 flail of the Furious {freeze, rF++ Str+2}
 79063 | Zot:5    | Noticed an orb of fire
 79065 | Zot:5    | Lost mutation: Your muscles are strong. (Str +4, Int/Dex
                  | -1) [an orb of fire]
 79071 | Zot:5    | Noticed an orb of fire
 79072 | Zot:5    | Killed an orb of fire
 79074 | Zot:5    | Killed an orb of fire
 79458 | Zot:5    | Noticed a dread lich
 79464 | Zot:5    | Killed a dread lich
 79494 | Zot:5    | Noticed an orb of fire
 79498 | Zot:5    | Killed an orb of fire
 79697 | Zot:5    | Noticed a dread lich
 79849 | Zot:5    | Noticed a dread lich
 79855 | Zot:5    | Killed a dread lich
 79899 | Zot:5    | Reached skill level 18 in Hexes
 79903 | Zot:5    | Gained mutation: You sometimes lose your temper in combat.
                  | [mutagenic glow]
 79912 | Zot:5    | Gained mutation: You occasionally lose the ability to read
                  | scrolls when taking damage. [mutagenic glow]
 79913 | Zot:5    | Mangled by an Orb Guardian

Illustrated notes

Levels and vault maps discovered:
D:1:      eino_arrival_cavern_e, layout_basic,
          dreamdust_ecumenical_altar_angels_and_demons,
          nicolae_shop_unique_rings, amcnicky_mini_pool_small
D:2:      layout_basic
D:3:      layout_rooms
D:4:      layout_basic, old_standard_altar, minmay_joined_circles, uniq_menkaure
D:5:      layout_rooms, gammafunk_temple_overflow_arena,
          corexii_mini_fake_secret_closet
D:6:      layout_rooms, temple_doors_ab, nicolae_elevator_lobby_asterisk,
          uniq_pikel, uniq_grinder, uniq_prince_ribbit1
D:7:      layout_rooms, serial_curves, eino_curves_04, eino_curves_03
D:8:      layout_basic, nicolae_qazlal_eye_of_the_storm, ebering_ghost_xom,
          serial_shops, nicolae_square_shop
D:9:      layout_basic, enter_bailey_3, minivault_22, minmay_splitting_lines,
          hangedman_misty_isle
D:10:     layout_loops_cross, nicolae_yredelemnul_corpse_copse,
          hangedman_decor_slide_cut, fungi_pond_lemuel
D:11:     minmay_gate_of_8, layout_basic, due_lair_maze_entry_diamond,
          portal_ice_cave_demonic_guard, uniq_urug, uniq_maurice
D:12:     layout_loops_ring, orc_david_3, einodemon_barbed_minivault
D:13:     layout_basic
D:14:     layout_long_grid, david_vaults_2, nicolae_hepliaklqana_hippocampus,
          okawaru_gym_becter, uniq_kirke, uniq_azrael, uniq_louise
D:15:     gammafunk_depths_entry_grave, layout_gridville, uniq_nessos
Temple:   regret_index_temple_chain_breaker
Lair:1:   layout_layer_cave, gauntlet_entry_generic, evilmike_ambush
          [evilmike_ambush_outer_basic, evilmike_ambush_inner_wall_2]
Lair:2:   layout_long_grid, minmay_snake_entry_guardpost_small,
          ebering_ghost_reflecting_pool, beast_lair_carwin_1, uniq_erica
Lair:3:   layout_loops_ring, beast_lair_carwin_3, lemuel_fruit_tree
Lair:4:   layout_concentric_octagons, minmay_shoals_entry_hut, minmay_holes,
          dreamdust_gnoll_shepherd, grunt_megastairs_5
Lair:5:   layout_layer_cave, dpeg_slime_entry_enclosed, serial_bayou_shore_a
Lair:6:   guppyfry_lair_end_dragon, layout_gridlike, hangedman_lair_in_review,
          nicolae_lair_lil_pond
Shoals:1: layout_shoals, serial_shops, shop
Shoals:2: argonaut_golden_fleece, layout_shoals, serial_shops,
          nicolae_shop_advertising_works [nicolae_subvault_shop_adworks],
          nicolae_shoals_kraken_party, uniq_ilsuiw, uniq_mlioglotl
Shoals:3: layout_shoals, nicolae_shoals_sun_and_surf, uniq_mara
Shoals:4: shoals_end_grunt_ice, layout_shoals, lemuel_centaur_altar,
          uniq_polyphemus
Snake:1:  hangedman_cross_veins, layout_chambers, minmay_shoptagon
Snake:2:  layout_rooms, minmay_shop_grove
Snake:3:  layout_honeycomb, serial_shops, nicolae_stop_n_shop_2, shop_fountains,
          nicolae_diamond_shop, nicolae_take_the_stairs
Snake:4:  johnstein_snake_rune_scales, layout_chambers,
          nicolae_snake_linked_coils, nicolae_snake_coiling_death,
          minmay_shop_star, serial_bayou_shore_b
Orc:1:    layout_caves, nicolae_orc_stony_grotto
Orc:2:    st_orc_pillars, layout_caves, serial_shops, shop, mines1_david
Elf:1:    nicolae_elf_arrival_no_cutting_in_line, layout_rooms,
          gammafunk_ghost_arena, basic_altar, minmay_elf_sorcery,
          chequers_hall_statues_corner_a
Elf:2:    elven_hall_of_blades_hangedman_alternative
          [nicolae_blade_entry_area_security], layout_gridlike, evilmike_ambush
          [evilmike_ambush_outer_pillars, evilmike_ambush_inner_basic],
          lemuel_elevator
Elf:3:    minmay_elf_hall_statues, layout_gridlike, corexii_checkpoint_a,
          minmay_misc_feat_alley, st_stairs_5, uniq_bai_suzhen, uniq_aizul
Vaults:1: nicolae_vaults_little_squares_3, vaults_mumra_hex,
          vaults_dpeg_diagonal, hangedman_vaults_nails, v_alt_pattern_3,
          hangedman_vaults_impose, v_misc_4, v_misc_2,
          nicolae_vaults_three_branches, nicolae_vaults_yaktaur_gun_rack,
          vaults_mumra_lcd, layout_vaults_quadrants, serial_shops, shop
Vaults:2: gammafunk_ghost_wrathful_warriors, hangedman_vaults_slice,
          ontoclasm_vaults_ring_square, nicolae_vaults_shelves_hall, v_misc_23,
          nicolae_vaults_triangles, st_cells,
          minmay_crypt_entry_skeletal_spiral, nicolae_vaults_little_squares_6,
          nicolae_vaults_little_squares_3, layout_vaults_big_room, uniq_donald,
          uniq_zenata
Vaults:3: portal_desolation_entry_twin_temple, nicolae_vaults_little_squares_2,
          v_misc_9, vaults_mumra_minichess_inversion,
          ontoclasm_vaults_decontamination, vaults_room_boxed,
          grunt_vaults_swirl, vaults_room_grunt_arrival_checkpoint,
          hangedman_vaults_snaps, ontoclasm_vaults_hangar, layout_vaults_ring,
          uniq_margery
Vaults:4: v_rooms_6, hangedman_vaults_variations, vaults_room_stairs_pillars,
          vaults_room_hallway, nicolae_vaults_rhombus_7,
          vaults_mumra_chevron_long, vaults_room_mumra_shop_pool,
          vaults_dpeg_encased_lava, hangedman_vaults_stagger,
          vaults_mumra_chevron, vaults_dpeg_spiral,
          vaults_standard_mumra_enter_the_diamond, vaults_room_corners,
          hangedman_vaults_restitches, layout_vaults_big_cross, serial_shops,
          nicolae_shop_stone
Vaults:5
Depths:1: layout_cave_shapes, enter_ziggurat_c, abyss_entry_flame_altar,
          hell_entry, nicolae_dithmenos_through_a_glass_darkly, minivault_16,
          beargit_elvish_explorers, uniq_sojobo
Depths:2: grunt_x_marks_the_spot, layout_cave_pools, pan_entry, enter_trove_5,
          lightli_too_deep, corexii_leaking_fountain,
          infiniplex_staircase_door_maze
Depths:3: hangedman_arch_fort, layout_basic, minmay_misc_feat_nine_boxes,
          hangedman_abyss_entry_splay, hell_entry, makhleb_altar_promises_db
Depths:4: evilmike_zot_entry_argh, layout_gridlike, minmay_curled_crystal,
          hell_entry, muffindrake_ghost_three_little_ghosts,
          nicolae_diode_intersection, uniq_josephina, uniq_boris
Zot:1:    kennysheep_room_grid, layout_concentric_octagons
Zot:2:    hangedman_zot_vaults_quadrants, layout_onion_interference
Zot:3:    layout_gridlike, lemuel_elevator
Zot:4:    evilmike_crystal_ball_defense, layout_cathedral_of_symmetry,
          grunt_ministairs_10, st_stairs_7
Zot:5:    layout_basic, gammafunk_ghost_berserking_beasts, nicolae_diode_stairs

Skill      XL: |  1  2  3  4  5  6  7  8  9 10 11 12 13 14 15 16 17 18 19 20 21 22 23 24 25 26 27 |
---------------+----------------------------------------------------------------------------------+-----
Stealth        | 1 2 3 4 5 |  5.0
Fighting       | 2 3 4 5 11 15 16 18 20 | 20.0
Poison Magic   | 3 |  3.0
Transmutations | 3 6 8 9 10 13 16 17 18 | 18.0
Ice Magic      | 4 8 |  8.0
Dodging        | 5 6 9 10 11 14 15 18 20 | 20.0
Unarmed Combat | 6 10 11 15 | 15.2
Invocations    | 12 | 12.0
Air Magic      | 4 5 14 18 | 18.0
Earth Magic    | 8 10 | 10.0
Shields        | 11 | 11.0
Translocations | 9 13 | 13.0
Spellcasting   | 5 |  5.0
Hexes          | 10 18 | 18.1

Action                   |  1- 3 |  4- 6 |  7- 9 | 10-12 | 13-15 | 16-18 | 19-21 | 22-24 | 25-27 || total
-------------------------+-------+-------+-------+-------+-------+-------+-------+-------+-------++-------
Melee: Unarmed           |    63 |   104 |   137 |   162 |   978 |   502 |   700 |   659 |   785 ||  4090
       Kick              |    22 |    35 |       |       |       |       |       |       |       ||    57
       Constrict         |    13 |    23 |    10 |       |       |       |    83 |    70 |   177 ||   376
       Tentacles         |     8 |    17 |    12 |       |       |       |   122 |    94 |   239 ||   492
       Punch             |     3 |     9 |     1 |       |       |    44 |    97 |    95 |   119 ||   368
       Demon whip        |       |       |    32 |       |       |       |       |       |       ||    32
       Tailslap          |       |       |       |       |       |    75 |    42 |       |       ||   117
       Bite              |       |       |       |       |       |    52 |    33 |       |       ||    85
       Staff             |       |       |       |       |       |     1 |       |       |       ||     1
 Cast: Beastly Appendage |    28 |    41 |     4 |       |       |       |       |       |       ||    73
       Spider Form       |       |     2 |    14 |       |       |       |       |       |       ||    16
       Wereblood         |       |     1 |     1 |     4 |     3 |     1 |     6 |     1 |     1 ||    18
       Ice Form          |       |       |     9 |    12 |   146 |     3 |       |       |       ||   170
       Dragon Form       |       |       |       |       |       |   125 |    26 |       |       ||   151
       Ozocubu's Armour  |       |       |       |       |       |     7 |     4 |       |       ||    11
       Statue Form       |       |       |       |       |       |       |    70 |    68 |   197 ||   335
       Storm Form        |       |       |       |       |       |       |       |    57 |       ||    57
       Enfeeble          |       |       |       |       |       |       |       |       |     9 ||     9
       Manifold Assault  |       |       |       |       |       |       |       |       |     5 ||     5
Invok: Slouch            |       |       |       |       |    20 |    11 |     5 |    11 |     6 ||    53
       Step From Time    |       |       |       |       |       |     2 |       |     6 |     7 ||    15
       Bend Time         |       |       |       |       |       |     1 |       |       |       ||     1
 Abil: Breathe Fire      |       |       |       |       |       |    18 |       |       |       ||    18
Evoke: Wand              |       |     1 |    10 |       |     8 |       |       |       |     7 ||    26
       Phial of floods   |       |       |       |       |       |     1 |       |       |       ||     1
       Condenser vane    |       |       |       |       |       |       |       |       |     1 ||     1
  Use: Potion            |       |       |     2 |     4 |     8 |    10 |       |     5 |    11 ||    40
       Scroll            |       |       |    15 |     2 |    20 |     6 |     5 |     8 |    15 ||    71
 Stab: Sleeping          |     3 |     6 |    10 |       |    15 |     7 |     9 |     2 |    11 ||    63
       Paralysed         |       |       |    13 |       |       |       |       |       |       ||    13
       Petrified         |       |       |       |       |     1 |       |       |       |       ||     1
       Distracted        |       |       |       |       |       |     2 |     2 |       |     3 ||     7
       Invisible         |       |       |       |       |       |       |       |       |     9 ||     9
Armor: Skin              |       |     4 |    54 |    29 |   332 |   232 |   201 |   195 |   247 ||  1294
Dodge: Dodged            |    40 |    82 |   113 |   117 |  1102 |   673 |   900 |  1260 |  1719 ||  6006
Block: Other             |       |       |       |       |       |    25 |   143 |    32 |       ||   200
       Reflection        |       |       |       |       |       |     5 |    35 |    53 |    62 ||   155
       Kite shield       |       |       |       |       |       |       |   137 |   408 |  1234 ||  1779

Table legend: (Time is in decaauts)
 A = Elapsed time spent in this place.
 B = Non-inter-level travel time spent in this place.
 C = Inter-level travel time spent in this place.
 D = Time resting spent in this place.
 E = Time spent auto-exploring this place.
 F = Levels seen in this place.
 G = Mean time per level.
                   A        B        C        D        E       F      G
               +--------+--------+--------+--------+--------+-----+--------+
         Total | 118726 | 103004 |  15722 |  18621 |  66914 |  54 | 2198.6 |
       Dungeon |  28544 |  23504 |   5040 |   5265 |  14716 |  15 | 1902.9 |
        Temple |    129 |    104 |     25 |      0 |     85 |   1 |  129.0 |
          Lair |  12809 |  10634 |   2175 |   1006 |   8418 |   6 | 2134.8 |
        Shoals |   6568 |   5676 |    892 |    414 |   3857 |   4 | 1642.0 |
     Snake Pit |  11397 |  10212 |   1185 |   1894 |   7047 |   4 | 2849.2 |
  Orcish Mines |   3816 |   3531 |    285 |    737 |   2356 |   2 | 1908.0 |
   Elven Halls |   7385 |   6681 |    704 |    470 |   4758 |   3 | 2461.7 |
        Vaults |  18954 |  16482 |   2472 |   3711 |  10847 |   5 | 3790.8 |
        Depths |  10944 |   9029 |   1915 |   1858 |   5692 |   4 | 2736.0 |
           Zot |  13417 |  12393 |   1024 |   1748 |   7453 |   5 | 2683.4 |
         Trove |     97 |     97 |      0 |      0 |      8 |   1 |   97.0 |
        Bailey |   1181 |   1181 |      0 |    545 |    215 |   1 | 1181.0 |
      Ice Cave |    826 |    826 |      0 |    677 |      0 |   1 |  826.0 |
    Desolation |   2136 |   2136 |      0 |    255 |   1209 |   1 | 2136.0 |
      Gauntlet |    515 |    515 |      0 |     38 |    249 |   1 |  515.0 |
               +--------+--------+--------+--------+--------+-----+--------+

Top non-repeatable levels by time:
Vaults:4: 5071 daAuts
Vaults:2: 4162 daAuts
Vaults:1: 3826 daAuts
 Snake:4: 3469 daAuts
Depths:4: 3393 daAuts
 Snake:1: 3384 daAuts
   Zot:5: 3330 daAuts
Vaults:3: 3315 daAuts
   Zot:4: 3295 daAuts
 Snake:3: 3286 daAuts
     D:6: 3172 daAuts
Depths:2: 3110 daAuts
  Lair:6: 3018 daAuts
   Elf:2: 2873 daAuts
    D:11: 2733 daAuts
